 Dungeon Crawl Stone Soup version 0.31-a0-816-gd61d57ddb1 (webtiles) character file.

Game seed: 13018852858050155071

184 Hempel the Cudgeller (level 5, -5/42 HPs)
             Began as a Human Berserker on Sept 22, 2023.
             Was a Believer of Trog.
             Splashed by a jelly's acid (7 damage)
             ... on level 3 of the Dungeon.
             The game lasted 00:09:49 (2172 turns).

Hempel the Cudgeller (Human Berserker)              Turns: 2172, Time: 00:09:50

Health: -5/42      AC: -15   Str: 19    XL:     5   Next: 96%
Magic:  5/5        EV:  8    Int:  7    God:    Trog [**....]
Gold:   102        SH:  0    Dex: 13    Spells: 4/4 levels left

rFire   . . .        a - +0 mace
rCold   . . .        (no shield)
rNeg    . . .        e - +0 chain mail
rPois   .            (no helmet)
rElec   .            (no cloak)
rCorr   .            (no gloves)
SInv    .            (no boots)
Will    +....        (no amulet) Stlth
                     j - ring of willpower
HPRegen 0.27/turn    (no ring)
MPRegen 0.09/turn

%: no passive effects
@: corroded
A: no striking features
a: Renounce Religion, Berserk, Trog's Hand


You were on level 3 of the Dungeon.
You worshipped Trog.
Trog was pleased with you.
You visited 1 branch of the dungeon, and saw 3 of its levels.

You collected 102 gold pieces.

Inventory:

Hand Weapons
 a - a +0 mace (weapon)
 o - a +0 hammer
   (You found it on level 2 of the Dungeon)
Armour
 b - a +0 robe
   (You found it on level 1 of the Dungeon)
 e - a +0 chain mail (worn)
   (You found it on level 1 of the Dungeon)
 h - an orb of energy
   (You found it on level 2 of the Dungeon)
 n - a +0 cloak of preservation
   (You took it off Crazy Yiuf on level 2 of the Dungeon)
Magical Staves
 m - a staff of earth
   (You found it on level 2 of the Dungeon)
Jewellery
 j - a ring of willpower (left hand)
   (You found it on level 2 of the Dungeon)
Talismans
 f - a maw talisman
   (You found it on level 1 of the Dungeon)
Wands
 l - a wand of polymorph (12)
   (You took it off Natasha on level 2 of the Dungeon)
Scrolls
 c - 2 scrolls of teleportation {unknown}
 d - 2 scrolls of identify {unknown}
 g - 2 scrolls of revelation {unknown}
 i - a scroll of brand weapon {unknown}
Potions
 k - a potion of heal wounds {unknown}


   Skills:
 * Level 3.9 Fighting
 * Level 1.1(3.1) Axes
 * Level 4.6(4.8) Maces & Flails
 * Level 1.1(3.1) Staves
 + Level 2.1 Armour
 * Level 2.3 Dodging
 * Level 1.1 Unarmed Combat


You had 4 spell levels left.
You didn't know any spells.
Your spell library contained the following spells:

 Spells                   Type           Power      Damage    Failure   Level
 Kiss of Death            Conj/Necr      0%         2d5       99%         1
 Confusing Touch          Hex            0%         N/A       100%        3
 Stone Arrow              Conj/Erth      0%         3d7       100%        3
 Animate Armour           Summ/Erth      0%         N/A       100%        4
 Dispel Undead            Necr           0%         3d6       100%        4
 Lehudib's Crystal Spear  Conj/Erth      0%         10d2      100%        8


Dungeon Overview and Level Annotations

Branches:
Dungeon (3/15)

Altars:

Shops:
D:2 (


Message History

You sock Crazy Yiuf!
You kill Crazy Yiuf!
Trog accepts your kill.
You feel sick.
You feel sick.
n - a +0 cloak of preservation
l - a wand of polymorph (12) (gained 6 charges)
There is an open translucent door here.
Things that are here:
a +4 quarterstaff of chaos; the gnoll corpse of Crazy Yiuf You feel sick.
You feel sick.
You feel sick.
You feel sick.
You feel sick.
You are no longer poisoned.
You see here a +0 hammer.
Done exploring.
j - a ring of willpower (left hand) Done exploring.
o - a +0 hammer You can't go down here!
There is an open translucent door here.
Things that are here:
a +4 quarterstaff of chaos; the gnoll corpse of Crazy Yiuf
There is a stone staircase leading down here.
You climb downwards.
The jelly quivers.
Found 8 gold pieces.
Found a stone staircase leading down.
There is a stone staircase leading up here.
A jelly is nearby!
Found a flail.
Found 6 stones and a leather armour.
The jelly hits you but does no damage.
You barely miss the jelly. The jelly barely misses you.
You sock the jelly!
Your hands burn!
The jelly hits you but does no damage.
You hit the jelly. The acid corrodes you!
Your hands burn!
The jelly hits you. The acid corrodes you!
You are splashed with acid!
You hit the jelly. The acid corrodes you!
Your hands burn!
The jelly hits you. The acid corrodes you!
You are splashed with acid!
* * * LOW HITPOINT WARNING * * *
The jelly attacks as it pursues you! The jelly barely misses you.
The jelly hits you.
* * * LOW HITPOINT WARNING * * *
The acid corrodes you!
You are splashed with acid!
* * * LOW HITPOINT WARNING * * *
There is a stone staircase leading up here.
The jelly hits you.
* * * LOW HITPOINT WARNING * * *
The acid corrodes you!
You are splashed with acid!
You die...

...[ #... #...
#... #..) ####
####...#####.....
.........@...####
......$.J........
...>.........##..
####...#####.#
#... ... #...
##.# #... # #..(
#...


You could see a jelly.

Vanquished Creatures
  Crazy Yiuf (D:2)
  Natasha (thrice) (D:2)
  A gnoll (D:1)
  2 adders (D:2)
  A worm (D:2)
  3 dart slugs
  8 endoplasms
  2 giant cockroaches (D:2)
  3 goblins
  2 hobgoblins
  2 jackals (D:1)
  2 kobolds (D:2)
  2 quokkas (D:1)
  9 ball pythons
  3 bats
  2 frilled lizards (D:2)
  6 rats
52 creatures vanquished.

Notes
Turn   | Place    | Note
-------+----------+-------------------------------------------
     0 | D:1      | Hempel the Human Berserker began the quest for the Orb.
     0 | D:1      | Reached XP level 1. HP: 18/18 MP: 1/1
   146 | D:1      | Reached XP level 2. HP: 24/24 MP: 2/2
   301 | D:1      | Reached XP level 3. HP: 29/29 MP: 3/3
   973 | D:2      | Reached ** piety under Trog
   982 | D:2      | Noticed Natasha
   985 | D:2      | Killed Natasha
   986 | D:2      | Reached XP level 4. HP: 33/36 MP: 4/4
  1162 | D:2      | Noticed Natasha
  1170 | D:2      | Killed Natasha
  1171 | D:2      | Reached skill level 4 in Maces & Flails
  1243 | D:2      | Noticed Natasha
  1265 | D:2      | Killed Natasha
  1266 | D:2      | Reached XP level 5. HP: 42/42 MP: 5/5
  1420 | D:2      | Reached skill level 1 in Staves
  1425 | D:2      | Reached skill level 1 in Axes
  1425 | D:2      | Reached skill level 1 in Unarmed Combat
  1504 | D:2      | Found a faded altar of an unknown god.
  1713 | D:2      | Found a runed translucent door.
  1714 | D:2      | Noticed Crazy Yiuf
  1780 | D:2      | Found Enooj's Weapon Boutique.
  2048 | D:2      | Killed Crazy Yiuf
  2171 | D:3      | HP: 2/42 [acid (10)]
  2172 | D:3      | Splashed by a jelly's acid

Illustrated notes

Levels and vault maps discovered:
D:1:      ebering_trefoil_3fold, layout_loops_ring
D:2:      layout_basic, serial_shops, nicolae_shop_bloodbath_and_beyond,
          nicolae_ecumenical_snake_handling, chequers_arboretum,
          chequers_mini_garden, uniq_natasha, uniq_crazy_yiuf_cottage
D:3:      layout_loops_cross, chequers_temple_overflow_minitemple, serial_shops,
          nicolae_shop_tiny_glass, shop, nicolae_lakefront_shop, shop_fountains,
          st_stairs_5

Skill      XL: |  1  2  3  4  5 |
---------------+----------------+-----
Maces & Flails | 4 |  4.6
Staves         | 1 |  1.1
Axes           | 1 |  1.1
Unarmed Combat | 1 |  1.1
Fighting       | |  3.9
Armour         | |  2.1
Dodging        | |  2.3

Action                     |  1- 3 |  4- 6 || total
---------------------------+-------+-------++-------
  Melee: Mace              |    53 |   107 ||   160
         Punch             |       |     2 ||     2
 Armour: Animal skin       |    22 |       ||    22
         Chain mail        |     6 |    77 ||    83
         Skin              |       |    23 ||    23
  Dodge: Dodged            |    38 |    55 ||    93

Table legend: (Time is in decaauts)
 A = Elapsed time spent in this place.
 B = Non-inter-level travel time spent in this place.
 C = Inter-level travel time spent in this place.
 D = Time resting spent in this place.
 E = Time spent auto-exploring this place.
 F = Levels seen in this place.
 G = Mean time per level.
                   A        B        C        D        E       F      G
               +--------+--------+--------+--------+--------+-----+--------+
         Total |   2208 |   2150 |     58 |      0 |   1471 |   3 |  736.0 |
       Dungeon |   2208 |   2150 |     58 |      0 |   1471 |   3 |  736.0 |
               +--------+--------+--------+--------+--------+-----+--------+

Top non-repeatable levels by time:
     D:2: 1301 daAuts
     D:1: 895 daAuts
     D:3: 11 daAuts
